[Event "8th Dolomiti Open 2017"]
[Site "Forni di Sopra"]
[Date "2017.06.13"]
[Round "5.8"]
[White "Carnicelli, Valerio"]
[Black "Qendro, Llambi"]
[Result "1/2-1/2"]
[ECO "B06"]
[WhiteElo "2242"]
[BlackElo "2328"]
[Annotator "ChessBase"]
[PlyCount "33"]
[EventDate "2017.??.??"]
[EventType "swiss"]
[EventCountry "ITA"]
[SourceTitle "playchess.com"]
[Source "ChessBase"]
[SourceQuality "1"]
[TimeControl "40/5400+30:1800+30"]

1. e4 g6 2. d4 Bg7 3. Nc3 c6 4. Be3 Qb6 5. Rb1 d6 6. Qd2 Nf6 7. f3 Nbd7 8. Bc4 Qc7 9. Bb3 O-O 10. Nge2 e5 11. O-O Re8 12. Rbd1 Nf8 13. Ng3 b6 14. d5 c5 15. Bc4 a6 16. a4 Bd7 17. b3 1/2-1/2

[Event "8th Dolomiti Open 2017"]
[Site "Forni di Sopra"]
[Date "2017.06.13"]
[Round "5.10"]
[White "Barp, Alberto"]
[Black "Remille, Tristan"]
[Result "1-0"]
[ECO "D93"]
[WhiteElo "2233"]
[BlackElo "2309"]
[Annotator "ChessBase"]
[PlyCount "89"]
[EventDate "2017.??.??"]
[EventType "swiss"]
[EventCountry "ITA"]
[SourceTitle "playchess.com"]
[Source "ChessBase"]
[SourceQuality "1"]
[TimeControl "40/5400+30:1800+30"]

1. d4 Nf6 2. c4 g6 3. Nc3 d5 4. Nf3 Bg7 5. Bf4 O-O 6. e3 c5 7. dxc5 Qa5 8. Rc1 dxc4 9. Bxc4 Qxc5 10. Bb3 Bg4 11. h3 Qh5 12. O-O Bxf3 13. Qxf3 Qxf3 14. gxf3 Nc6 15. Rfd1 Rfd8 16. Ba4 Nb4 17. Rxd8+ Rxd8 18. a3 Na6 19. e4 Nh5 20. Be3 Bd4 21. Rd1 e5 22. Nd5 Nc5 23. Bxd4 exd4 24. Rxd4 Kg7 25. Rc4 b6 26. h4 Nf6 27. Bc6 Nd3 28. Rc3 Nxb2 29. Kf1 Nxd5 30. Bxd5 Rd7 31. Ke2 b5 32. Rb3 Na4 33. Bc6 Rc7 34. Bxb5 Nc3+ 35. Kd2 Nxb5 36. Rxb5 Rc6 37. Ra5 a6 38. Kd3 Kf6 39. f4 Ke7 40. f5 gxf5 41. Rxf5 Rc1 42. Ra5 Rh1 43. h5 f5 44. Rxf5 Rh3+ 45. f3 1-0

[Event "8th Dolomiti Open 2017"]
[Site "Forni di Sopra"]
[Date "2017.06.13"]
[Round "5.11"]
[White "Stelzer, Harald"]
[Black "Denoyelle, Arnaud"]
[Result "0-1"]
[ECO "B32"]
[WhiteElo "2272"]
[BlackElo "2188"]
[Annotator "RC"]
[PlyCount "52"]
[EventDate "2017.??.??"]
[EventType "swiss"]
[EventCountry "ITA"]
[SourceTitle "playchess.com"]
[Source "ChessBase"]
[SourceQuality "1"]
[TimeControl "40/5400+30:1800+30"]

1. e4 c5 2. Nf3 Nc6 3. d4 cxd4 4. Nxd4 d5 5. Nxc6 bxc6 6. exd5 Qxd5 7. Qxd5 cxd5 8. Nc3 e6 9. Bb5+ Bd7 10. Bxd7+ Kxd7 11. O-O Be7 12. Bf4 Bf6 13. Ne2 Ne7 14. c3 a5 15. b3 Rhc8 16. Rfc1 a4 17. Bd2 Nf5 18. Kf1 Nd6 19. f3 Nb5 20. Rab1 axb3 21. axb3 Ra2 22. Ke1 Na3 23. b4 Nxb1 24. Rxb1 Rca8 25. Nc1 Ra1 26. Rb2 Rxc1+ 0-1

[Event "8th Dolomiti Open 2017"]
[Site "Forni di Sopra"]
[Date "2017.06.13"]
[Round "5.12"]
[White "Belli, Giorgio"]
[Black "Loiacono, Leonardo"]
[Result "1/2-1/2"]
[ECO "C91"]
[WhiteElo "2303"]
[BlackElo "2175"]
[Annotator "NA RC"]
[PlyCount "40"]
[EventDate "2017.??.??"]
[EventType "swiss"]
[EventCountry "ITA"]
[SourceTitle "playchess.com"]
[Source "ChessBase"]
[SourceQuality "1"]
[TimeControl "40/5400+30:1800+30"]

1. e4 e5 2. Nf3 Nc6 3. Bb5 a6 4. Ba4 Nf6 5. O-O {[%emt 0:00:30] O-O [%clk 1:29:0]} b5 6. Bb3 Be7 7. Re1 d6 8. c3 O-O 9. d4 Bg4 10. d5 Na5 11. Bc2 {[%emt 0:00:30] Bc2 [%clk 1:24:0]} c6 {[%emt 0:00:30] LiveBook: 815 Games} 12. h3 Bh5 {[%emt 0:02:30] ] Bh5 [%clk 1:22:0]} 13. g4 {[%emt 0:04:30] C91: Closed Ruy Lopez: 7...d6 8 c3 0-0 9 d4} (13. dxc6 Nxc6 14. Nbd2 d5 15. exd5 Qxd5 16. Ne4 Qxd1 17. Rxd1 Rad8 18. Be3 {½-½ (18) Delorme,A (2507)-Demuth,A (2537) Sitges 2015}) 13... Bg6 14. dxc6 Qc7 15. Nbd2 {[%emt 0:03:30] Q} Qxc6 16. Qe2 $146 ({Predecessor:} 16. Nh4 Nd7 17. Ndf3 Rfe8 18. Nxg6 hxg6 19. g5 Nc4 20. h4 Nc5 21. Nd2 Ne6 22. Nxc4 bxc4 {0-1 (38) Boudy Bueno,J-Alvarez del Monte,J Santa Clara 1968}) 16... Rfe8 17. Nf1 {[%emt 0:03:30] B} Bf8 18. Ng3 d5 19. exd5 Qxd5 20. Nf5 e4 $11 1/2-1/2

[Event "8th Dolomiti Open 2017"]
[Site "Forni di Sopra"]
[Date "2017.06.14"]
[Round "6.5"]
[White "Denoyelle, Arnaud"]
[Black "Henderson de La Fuente, Lance"]
[Result "1-0"]
[ECO "B40"]
[WhiteElo "2188"]
[BlackElo "2365"]
[Annotator "ChessBase"]
[PlyCount "77"]
[EventDate "2017.??.??"]
[EventType "swiss"]
[EventCountry "ITA"]
[SourceTitle "playchess.com"]
[Source "ChessBase"]
[SourceQuality "1"]
[TimeControl "40/5400+30:1800+30"]

1. e4 c5 2. Nf3 e6 3. c4 Nc6 4. Nc3 Nge7 5. Be2 Nd4 6. Nxd4 cxd4 7. Nb5 Nc6 8. O-O Be7 9. d3 O-O 10. Na3 b6 11. Nc2 Bb7 12. f4 d5 13. cxd5 exd5 14. e5 f6 15. e6 f5 16. g4 g6 17. gxf5 gxf5 18. Bh5 Qd6 19. Bf7+ Rxf7 20. exf7+ Kxf7 21. Kh1 Rg8 22. Bd2 Ba6 23. Qf3 Rg6 24. b4 Bf6 25. Rab1 Nd8 26. Qh3 Kg7 27. b5 Bc8 28. Nb4 Nb7 29. Rbc1 Nc5 30. Nc6 a6 31. Rg1 Rg4 32. Qf3 axb5 33. h3 Rg6 34. Ne5 Bxe5 35. fxe5 Qxe5 36. Bf4 Qe8 37. Rce1 Be6 38. Be5+ Kg8 39. Bxd4 1-0

[Event "8th Dolomiti Open 2017"]
[Site "Forni di Sopra"]
[Date "2017.06.14"]
[Round "6.8"]
[White "Kiefer, Gerhard"]
[Black "Naumkin, Igor"]
[Result "1/2-1/2"]
[ECO "C86"]
[WhiteElo "2259"]
[BlackElo "2401"]
[Annotator "ChessBase"]
[PlyCount "60"]
[EventDate "2017.??.??"]
[EventType "swiss"]
[EventCountry "ITA"]
[SourceTitle "playchess.com"]
[Source "ChessBase"]
[SourceQuality "1"]
[TimeControl "40/5400+30:1800+30"]

1. e4 e5 2. Nf3 Nc6 3. Bb5 a6 4. Ba4 Nf6 5. Qe2 b5 6. Bb3 Be7 7. c3 O-O 8. O-O d6 9. Rd1 h6 10. h3 Re8 11. a4 b4 12. a5 Bf8 13. d3 Rb8 14. Nbd2 Ne7 15. d4 Ng6 16. d5 Nf4 17. Qe3 bxc3 18. bxc3 Bxh3 19. gxh3 Nxh3+ 20. Kf1 Ng4 21. Qe2 Nf4 22. Qxa6 Qf6 23. Qc4 Qg6 24. Ba4 Qh5 25. Ke1 Ng2+ 26. Ke2 Nf4+ 27. Ke1 Qh1+ 28. Qf1 Ng2+ 29. Ke2 Nf4+ 30. Ke1 Ng2+ 1/2-1/2

[Event "8th Dolomiti Open 2017"]
[Site "Forni di Sopra"]
[Date "2017.06.14"]
[Round "6.10"]
[White "Derakhshani, Dorsa"]
[Black "Sgircea, Silvia-Raluca"]
[Result "1/2-1/2"]
[ECO "B38"]
[WhiteElo "2321"]
[BlackElo "2208"]
[Annotator "ChessBase"]
[PlyCount "54"]
[EventDate "2017.??.??"]
[EventType "swiss"]
[EventCountry "ITA"]
[SourceTitle "playchess.com"]
[Source "ChessBase"]
[SourceQuality "1"]
[TimeControl "40/5400+30:1800+30"]

1. e4 c5 2. Nf3 Nc6 3. d4 cxd4 4. Nxd4 g6 5. c4 Bg7 6. Be3 Nf6 7. Nc3 d6 8. Be2 O-O 9. O-O Bd7 10. Qd2 Nxd4 11. Bxd4 Bc6 12. f3 a5 13. b3 Nd7 14. Be3 Nc5 15. Rab1 Be5 16. g3 e6 17. Rbd1 Qe7 18. Nb5 Rfd8 19. Qc1 Bxb5 20. cxb5 Rac8 21. Bc4 Bf6 22. Bf2 b6 23. Rfe1 Qb7 24. Qf4 Bc3 25. Re3 Be5 26. Qh4 Bg7 27. Re2 Rd7 1/2-1/2

[Event "8th Dolomiti Open 2017"]
[Site "Forni di Sopra"]
[Date "2017.06.14"]
[Round "6.12"]
[White "Herbrechtsmeier, Christof"]
[Black "Vezzosi, Paolo"]
[Result "1/2-1/2"]
[ECO "B49"]
[WhiteElo "2240"]
[BlackElo "2333"]
[Annotator "ChessBase"]
[PlyCount "27"]
[EventDate "2017.??.??"]
[EventType "swiss"]
[EventCountry "ITA"]
[SourceTitle "playchess.com"]
[Source "ChessBase"]
[SourceQuality "1"]
[TimeControl "40/5400+30:1800+30"]

1. e4 c5 2. Nf3 e6 3. d4 cxd4 4. Nxd4 Nc6 5. Nc3 Qc7 6. Be2 Nf6 7. Be3 a6 8. O-O b5 9. Nxc6 dxc6 10. f4 Bb7 11. e5 Rd8 12. Qe1 Nd5 13. Nxd5 cxd5 14. c3 1/2-1/2

[Event "8th Dolomiti Open 2017"]
[Site "Forni di Sopra"]
[Date "2017.06.15"]
[Round "7.9"]
[White "Henderson de La Fuente, Lance"]
[Black "De Santis, Alessio"]
[Result "1/2-1/2"]
[ECO "B07"]
[WhiteElo "2365"]
[BlackElo "2242"]
[Annotator "NA"]
[PlyCount "48"]
[EventDate "2017.??.??"]
[EventType "swiss"]
[EventCountry "ITA"]
[SourceTitle "playchess.com"]
[Source "ChessBase"]
[SourceQuality "1"]
[TimeControl "40/5400+30:1800+30"]

1. e4 d6 2. Nc3 Nf6 3. f4 c6 4. d4 Qa5 5. Bd3 e5 6. Nf3 Bg4 7. dxe5 dxe5 8. h3 Bxf3 $1 9. Qxf3 {[%emt 0:00:30] LiveBook: 19 Games} Nbd7 10. Bd2 {[%emt 0:10:30] B07: Pirc Defence: Miscellaneous Systems} (10. f5 Nc5 11. Bd2 Qb6 12. O-O-O O-O-O 13. Bc4 Qc7 14. Be3 Rxd1+ 15. Rxd1 b5 16. Bb3 Nxb3+ 17. axb3 Bb4 {0-1 (44) Bilguun,S (2362)-Galmandakh,B (2328) Ulaanbaatar 2015}) 10... Qc7 11. g3 Be7 $146 ({Predecessor:} 11... Bc5 12. O-O-O O-O-O 13. Bc4 Rhf8 14. Rhe1 b5 15. Bb3 Bd6 16. a3 Nb6 17. Kb1 Kb7 {½-½ (62) Serbanescu,D (2042)-Mossong,H (2039) England 2016}) 12. O-O-O O-O 13. f5 Nc5 14. g4 Nxd3+ 15. cxd3 Rfd8 16. g5 Nd7 17. f6 gxf6 (17... Bb4 $11) 18. gxf6 Bxf6 19. Rdf1 Kh8 20. Qh5 (20. Ne2 $14) 20... Rg8 21. Qxf7 Raf8 22. Qh5 Nc5 23. Qe2 Qd6 24. Rf3 $17 Ne6 1/2-1/2

[Event "8th Dolomiti Open 2017"]
[Site "Forni di Sopra"]
[Date "2017.06.15"]
[Round "7.10"]
[White "Medancic, Rikard"]
[Black "Seresin, Francesco"]
[Result "1/2-1/2"]
[ECO "D95"]
[WhiteElo "2221"]
[BlackElo "2280"]
[Annotator "NA"]
[PlyCount "49"]
[EventDate "2017.??.??"]
[EventType "swiss"]
[EventCountry "ITA"]
[SourceTitle "playchess.com"]
[Source "ChessBase"]
[SourceQuality "1"]
[TimeControl "40/5400+30:1800+30"]

1. Nf3 Nf6 2. d4 g6 3. c4 Bg7 4. Nc3 d5 5. e3 O-O 6. Qb3 dxc4 7. Bxc4 c5 8. dxc5 {[%emt 0:02:00] D95: Grünfeld: 4 Nf3 Bg7 5 e3 0-0 6 Qb3} (8. d5 Nbd7 9. O-O Nb6 10. e4 Nxc4 11. Qxc4 b6 12. e5 Nd7 13. Bf4 Bb7 14. Rad1 a6 15. a4 b5 16. axb5 axb5 17. Nxb5 {0-1 (37) Dreev,A (2668)-Le,Q (2712) Khanty-Mansiysk 2013}) 8... Nbd7 9. c6 bxc6 10. O-O Qc7 11. Qa3 $146 ({Predecessor:} 11. Bd2 Ng4 12. Rfd1 Rb8 13. Qa3 Nde5 14. Nxe5 Bxe5 15. Na4 Bxh2+ {0-1 (26) Ferrantes,G-Zoppetti,G Trieste 1954}) 11... Nb6 12. Qa5 Ne8 (12... Nfd5 $5 13. Be2 Nxc3 14. bxc3 Rd8 $11) 13. Be2 Nd5 14. Qxc7 Nexc7 15. Nxd5 cxd5 16. Rd1 Rb8 17. Nd4 Bd7 18. f4 Rfc8 19. b3 Ne6 20. Bb2 Nxd4 21. Bxd4 Bxd4 22. Rxd4 Bb5 23. Bxb5 Rxb5 24. Rad1 e6 25. Kf2 $11 1/2-1/2

[Event "8th Dolomiti Open 2017"]
[Site "Forni di Sopra"]
[Date "2017.06.17"]
[Round "9.6"]
[White "Bifulco, Michel"]
[Black "Henderson de La Fuente, Lance"]
[Result "0-1"]
[ECO "D00"]
[WhiteElo "2254"]
[BlackElo "2365"]
[Annotator "NA"]
[PlyCount "60"]
[EventDate "2017.??.??"]
[EventType "swiss"]
[EventCountry "ITA"]
[SourceTitle "playchess.com"]
[Source "ChessBase"]
[SourceQuality "1"]
[TimeControl "40/5400+30:1800+30"]

1. d4 Nf6 2. Nc3 d5 3. Bf4 e6 4. Nb5 {[%emt 0:00:30] D00: 1 d4 d5: Unusual lines} Na6 5. a3 c6 6. Nc3 Bd6 7. e3 b6 8. Nf3 Nb8 $146 ({Predecessor:} 8... Bxf4 9. exf4 O-O 10. Be2 c5 11. O-O Nb8 {0-1 (42) Sheng,J (2375)-So,W (2822) chess.com INT 2017}) 9. Ne5 Bb7 10. Qf3 O-O 11. g4 c5 12. Bd3 Nc6 13. g5 Bxe5 14. dxe5 Nd7 15. Qg3 c4 16. Be2 d4 17. Ne4 Ncxe5 18. Bxe5 (18. f3 $142 Bxe4 19. fxe4) 18... Bxe4 19. Bc7 Qc8 20. f3 Bxc2 21. Bxc4 (21. exd4 $17 Bd3 22. Bxd3 cxd3 23. O-O) 21... e5 ({Don't play} 21... dxe3 22. Rc1 $17) 22. Rc1 d3 23. Qf2 $2 (23. O-O) 23... Qxc7 24. Bxd3 Nc5 25. Be2 Bb3 26. Rc3 Rad8 27. O-O Rd2 28. Rfc1 Qe7 29. h4 Rfd8 30. Qe1 $19 Rxb2 0-1

[Event "8th Dolomiti Open 2017"]
[Site "Forni di Sopra"]
[Date "2017.06.17"]
[Round "9.7"]
[White "Naumkin, Igor"]
[Black "Denoyelle, Arnaud"]
[Result "1-0"]
[ECO "A89"]
[WhiteElo "2401"]
[BlackElo "2188"]
[Annotator "NA"]
[PlyCount "65"]
[EventDate "2017.??.??"]
[EventType "swiss"]
[EventCountry "ITA"]
[SourceTitle "playchess.com"]
[Source "ChessBase"]
[SourceQuality "1"]
[TimeControl "40/5400+30:1800+30"]

1. d4 f5 2. Nf3 g6 3. g3 Bg7 4. Bg2 Nf6 5. O-O O-O 6. c4 d6 7. Nc3 Nc6 8. d5 Ne5 9. Qb3 Ned7 10. Be3 {[%emt 0:01:30] A89: Dutch Defence: Leningrad System: 5 Nf3 0-0 6 0-0 d6 7 Nc3 Nc6} (10. Qc2 a5 11. Bg5 Nc5 12. Rad1 Bd7 13. Nd4 Qe8 14. Rfe1 Ng4 15. h3 h6 16. Bc1 Nf6 17. e4 fxe4 18. Nxe4 Nfxe4 19. Bxe4 Bxh3 20. Bxg6 {1-0 (46) Illescas Cordoba,M (2618)-Rapport,R (2704) Tromsoe 2014}) 10... Ng4 11. Bd2 $146 ({Predecessor:} 11. Bd4 Nde5 12. Rad1 f4 13. Ne4 h6 14. c5 Nxf3+ 15. exf3 Ne5 16. Rfe1 b6 17. cxb6 cxb6 18. Bxe5 Bxe5 {1-0 (36) Mueller,M (2226)-Noetzel,F (2311) Germany 2009}) 11... e5 12. dxe6 Nc5 13. Qc2 c6 14. Rad1 Nxe6 15. e3 Qf6 16. Bc1 Ne5 17. Ne2 Rd8 18. b3 a5 19. h4 h6 20. Ba3 Nf7 21. Rd2 Nc5 22. Nfd4 (22. Nf4 $14) 22... Re8 23. Nc3 g5 24. hxg5 hxg5 25. Nde2 f4 26. Bxc5 dxc5 27. exf4 Bf5 28. Qc1 gxf4 29. gxf4 {[%emt 0:00:06] [#]} Re6 ({Black should try} 29... Nh6 $1 $17) 30. Ng3 Nh6 31. Nce4 $14 Bxe4 32. Bxe4 Qxf4 33. Rd8+ 1-0

[Event "8th Dolomiti Open 2017"]
[Site "Forni di Sopra"]
[Date "2017.06.17"]
[Round "9.10"]
[White "Medancic, Rikard"]
[Black "Kiefer, Gerhard"]
[Result "0-1"]
[ECO "A49"]
[WhiteElo "2221"]
[BlackElo "2259"]
[Annotator "NA"]
[PlyCount "58"]
[EventDate "2017.??.??"]
[EventType "swiss"]
[EventCountry "ITA"]
[SourceTitle "playchess.com"]
[Source "ChessBase"]
[SourceQuality "1"]
[TimeControl "40/5400+30:1800+30"]

1. Nf3 Nf6 2. b3 g6 3. Bb2 Bg7 4. g3 O-O 5. Bg2 d6 6. d4 c6 7. O-O Bf5 8. c4 {[%emt 0:01:00] A49: 1 d4 Nf6 2 Nf3 g6 3 g3: Anti-King's Indian systems} Nbd7 (8... a5 9. Nc3 Ne4 10. Nh4 Nxc3 11. Bxc3 Bc8 12. Qd2 d5 13. Nf3 Nd7 14. cxd5 cxd5 15. Ne5 Nf6 {1-0 (52) Dubov,D (2648)-Rakhmanov,A (2662) Sochi 2016}) 9. Nc3 Ne4 10. Nh4 Nxc3 11. Bxc3 Be6 $146 ({Predecessor:} 11... Bg4 12. h3 Be6 13. Qd3 d5 14. e4 dxc4 15. bxc4 Ne5 16. Qb1 Nxc4 17. Qxb7 Bxd4 18. Bxd4 Qxd4 19. Qxe7 {0-1 (44) Kalaiyalahan,A (1872)-Roberts,D (2066) Ascot 2013}) 12. e4 Nf6 (12... c5 $11) 13. d5 Bg4 14. Qd2 Re8 {[%emt 0:07:30] [#]} (14... a5 $14) 15. h3 (15. dxc6 $1 $18 {has better winning chances.} bxc6 16. e5) 15... Bxh3 {[%emt 0:00:30] [#]} 16. e5 $2 ({Not} 16. Bxh3 $2 Nxe4 17. Qe1 Nxc3 $19) (16. Bxf6 $1 $16 {is necessary to keep the advantage.} Bxg2 17. Bxg7 Bxf1 18. Bc3) 16... Bxg2 17. exf6 Bxf1 18. fxg7 Bh3 19. Qh6 Qc8 20. dxc6 bxc6 21. Kh2 f6 22. Re1 Bf5 23. Ng2 e5 24. Ne3 Be6 25. f4 Qc7 26. f5 gxf5 27. Qxf6 Qxg7 28. Qh4 Rf8 29. Ng2 Rf6 $19 0-1